 Dungeon Crawl Stone Soup version 0.22-a0-445-g8c8ef71 (webtiles) character file.

58 Gorice the Conjurer (level 3, 0/26 HPs)
             Began as a Minotaur Conjurer on June 2, 2018.
             Slain by a goblin (2 damage)
             ... led by Robin
             ... on level 2 of the Dungeon.
             The game lasted 00:05:46 (1925 turns).

Gorice the Conjurer (Minotaur Conjurer)             Turns: 1925, Time: 00:05:46

Health: 0/26       AC:  2    Str: 10 (12) XL:     3   Next: 76%
Magic:  1/5        EV: 12    Int: 12 (13) God:
Gold:   95         SH:  0    Dex:  8 (10) Spells: 5/6 levels left

rFire    . . .     SeeInvis .   a - +0 whip
rCold    . . .     Gourm    .   (no shield)
rNeg     . . .     Faith    .   m - +0 robe
rPois    .         Spirit   .   (helmet restricted)
rElec    .         Reflect  .   (no cloak)
rCorr    .         Harm     .   (no gloves)
MR       .....                  (no boots)
Stlth    +.........             (no amulet)
HPRegen  0.08/turn              (no ring)
MPRegen  0.09/turn              (no ring)

@: very slightly contaminated
A: retaliatory headbutt, horns 2
a: no special abilities


You were on level 2 of the Dungeon.
You were very hungry.

You visited 1 branch of the dungeon, and saw 2 of its levels.

You collected 95 gold pieces.

Inventory:

Hand Weapons
 a - a +0 whip (weapon)
 h - a +0 hunting sling
Missiles
 e - 8 tomahawks (quivered)
 k - 22 sling bullets
 Y - 32 stones
Armour
 m - a +0 robe (worn)
Magical Staves
 n - an uncursed staff of poison
Scrolls
 b - a scroll of magic mapping {unknown}
 d - a scroll of teleportation {unknown}
 f - a scroll of enchant armour {unknown}
 g - a scroll of immolation {unknown}
 i - 2 scrolls of identify {unknown}
 j - a scroll of remove curse {unknown}
 l - a scroll of fog {unknown}
Comestibles
 c - 2 rations


   Skills:
 - Level 2.1 Dodging
 - Level 1.5 Stealth
 + Level 2.2 Spellcasting
 + Level 3.5 Conjurations


You had 5 spell levels left.
You knew the following spells:

 Your Spells              Type           Power        Failure   Level  Hunger
a - Magic Dart            Conj           #...         6%          1    ##.....

Your spell library contained the following spells:

 Spells                   Type           Power        Failure   Level  Hunger
 Iskenderun's Mystic Bla  Conj           #.......     52%         4    #####..
 Fulminant Prism          Conj/Hex       #.........   77%         4    #####..
 Dazzling Spray           Conj/Hex       #.....       36%         3    ####...
 Force Lance              Conj/Tloc      #.......     77%         4    #####..
 Searing Ray              Conj           #.....       10%         2    ###....


Dungeon Overview and Level Annotations

Branches:
Dungeon (2/15)

Altars:


Innate Abilities, Weirdness & Mutations

You reflexively headbutt those who attack you in melee.
You have a pair of horns on your head.


Message History

Robin completely misses you.
Unknown command.
You closely miss Robin. Your headbutt misses Robin.
Robin is moderately wounded.
Robin hits you with a mace.
* * * LOW HITPOINT WARNING * * *
Damage: 4 (max 5)
You hit Robin.
Robin is moderately wounded.
Robin roars a battlecry!
The goblin goes into a battle-frenzy!
You hit Robin but do no damage.
Robin is moderately wounded.
Robin hits you with a mace.
* * * LOW HITPOINT WARNING * * *
Damage: 1 (max 5)
You barely miss Robin.
Robin is moderately wounded.
Robin barely misses you.
You hit Robin.
Robin is heavily wounded.
Robin barely misses you.
Casting: Magic Dart (safe; 7% risk of failure)
Confirm with . or Enter, or press ? or * to list all spells.
Aiming: Magic Dart (safe; 7% risk of failure)
Press: ? - help, Shift-Dir - straight line, f/p - Robin
Aim: Robin, wielding a mace, wearing a dyed animal skin and wearing a helmet (heavily wounded)
The magic dart hits Robin.
Robin is heavily wounded.
Robin hits you with a mace!
* * * LOW HITPOINT WARNING * * *
Damage: 6 (max 6)
You feel better.
You hit Robin but do no damage. You headbutt Robin.
Robin is almost dead.
Robin completely misses you. You furiously retaliate!
You headbutt Robin!
You kill Robin!
You feel your intelligence returning.
You barely miss the hobgoblin. The hobgoblin closely misses you.
You hit the hobgoblin.
The hobgoblin is heavily wounded.
The hobgoblin hits you with a club!
* * * LOW HITPOINT WARNING * * *
Damage: 7 (max 7)
You barely miss the hobgoblin.
You kill the hobgoblin!
You hit the goblin.
The goblin is severely wounded.
The goblin hits you.
You die...

... #.# #.#
###g###g# #.#
........# #.#
........# #.#
.......g# #.#
........# #.#
........# #.#
........##########.#
...........g@...[..#
##################.#
#.# #.# #.# ###


You could see a goblin.

Vanquished Creatures
  Robin (D:2)
  2 adders (D:2)
  A leopard gecko (D:1)
  A giant cockroach (D:2)
  4 hobgoblins
  2 frilled lizards (D:2)
  10 goblins
  3 kobolds
  5 rats (D:1)
29 creatures vanquished.

Notes
Turn   | Place    | Note
-------+----------+-------------------------------------------
     0 | D:1      | Gorice the Minotaur Conjurer began the quest for the Orb.
     0 | D:1      | Reached XP level 1. HP: 14/14 MP: 1/1
    63 | D:1      | Reached skill level 3 in Conjurations
   278 | D:1      | HP: 2/14 [leopard gecko (4)]
   284 | D:1      | HP: 4/14 [kobold/dagger (5)]
   288 | D:1      | HP: 1/14 [kobold/short sword (3)]
   814 | D:1      | Reached XP level 2. HP: 20/20 MP: 1/3
  1227 | D:2      | Noticed Robin
  1470 | D:2      | Reached skill level 2 in Spellcasting
  1470 | D:2      | Reached XP level 3. HP: 13/26 MP: 0/5
  1481 | D:2      | HP: 7/26 [poisoned by an adder]
  1489 | D:2      | HP: 6/26 [poisoned by an adder]
  1497 | D:2      | HP: 5/26 [poisoned by an adder]
  1519 | D:2      | HP: 2/26 [hobgoblin (4)]
  1919 | D:2      | HP: 2/26 [Robin/mace (7)]
  1921 | D:2      | Killed Robin
  1925 | D:2      | Slain by a goblin

Vault maps used:
D:1:      ncdulo_wetmaze, serial_aquarium, aquarium_bridge_island_large,
          aquarium_window_1, aquarium_window_corridor_1, aquarium_window_fake,
          aquarium_view_2c, aquarium_balcony_3a, aquarium_pool_S
D:2:      nicolae_ashenzari_panopticon, kennysheep_flooded_box,
          minmay_pentomino_t2, uniq_robin

Skill      XL: |  1  2 |
---------------+-------+-----
Conjurations   | 3 |  3.5
Spellcasting   | 2 |  2.2
Dodging        | |  2.1
Stealth        | |  1.5

Action                   || total
-------------------------++-------
Melee: Whip              ||    54
       Headbutt          ||     6
Throw: Tomahawk          ||    12
 Cast: Magic Dart        ||    40
  Use: Potion            ||     4
  Eat: Chunk             ||     3
Armor: Robe              ||     7
Dodge: Dodged            ||    30

Table legend:
 A = Spawn XP
 B = Non-spawn XP
 C = Spawn XP percentage of total XP
 D = Spawn monster count
 E = Non-spawn monster count
 F = Spawn count percentage of total count
 G = Total turns spent on level
                    A         B        C        D         E        F      G
               +---------+---------+-------+---------+---------+-------+---------
         Total |       0 |      84 |   0.0 |       0 |      29 |   0.0 |  1925
               +---------+---------+-------+---------+---------+-------+---------
           D:1 |       0 |      17 |   0.0 |       0 |      12 |   0.0 |  1326
           D:2 |       0 |      67 |   0.0 |       0 |      17 |   0.0 |   599
               +---------+---------+-------+---------+---------+-------+---------

Table legend:
 A = Turns spent in this place as a percentage of turns spent in the entire game.
 B = Non-inter-level travel turns spent in this place as a percentage of non-inter-level travel turns spent in the entire game.
 C = Inter-level travel turns spent in this place as a percentage of turns spent in this place.
 D = Turns resting spent in this place as a percentage of non-inter-level travel turns spent in this place.
 E = Turns spent auto-exploring this place as a percentage of non-inter-level travel turns spent in this place.
 F = Non-inter-level travel turns spent in this place divided by the number of levels of this place that you've seen.
                   A       B       C       D       E      F
               +-------+-------+-------+-------+-------+----------------------
         Total | 100.0 | 100.0 |   3.6 |  42.2 |  34.1 | 927.5
       Dungeon | 100.0 | 100.0 |   3.6 |  42.2 |  34.1 | 927.5
               +-------+-------+-------+-------+-------+----------------------

Vault maps used:
D:1:      ncdulo_wetmaze, serial_aquarium, aquarium_bridge_island_large,
          aquarium_window_1, aquarium_window_corridor_1, aquarium_window_fake,
          aquarium_view_2c, aquarium_balcony_3a, aquarium_pool_S
D:2:      nicolae_ashenzari_panopticon, kennysheep_flooded_box,
          minmay_pentomino_t2, uniq_robin
